 Dungeon Crawl Stone Soup version 0.29.1-2-gbd0b4ee654 (webtiles) character file.

Game seed: 1467762452272015567

246 writerjack the Chopper (level 5, -3/46 HPs)
             Began as a Minotaur Berserker on Oct 27, 2022.
             Was a Believer of Trog.
             Slain by a gnoll
             ... wielding a +0 halberd
              (11 damage)
             ... on level 4 of the Dungeon.
             The game lasted 00:05:56 (2863 turns).

writerjack the Chopper (Minotaur Berserker)         Turns: 2863, Time: 00:05:57

Health: -3/46      AC:  5    Str: 23    XL:     5   Next: 84%
Magic:  4/4        EV: 11    Int:  4    God:    Trog [**....]
Gold:   108        SH:  0    Dex: 10    Spells: 4/4 levels left

rFire   . . .      SeeInvis .   a - +0 hand axe
rCold   . . .      Faith    .   (no shield)
rNeg    . . .      Spirit   .   j - +0 ring mail
rPois   .          Reflect  .   (helmet restricted)
rElec   .          Harm     .   f - scarf {shadows}
rCorr   .          Rampage  .   (no gloves)
Will    .....                   (no boots)
Stlth   ..........              (no amulet)
HPRegen 0.15/turn               (no ring)
MPRegen 0.09/turn               (no ring)

@: no status effects
A: horns 2, retaliatory headbutt
a: Renounce Religion, Berserk, Trog's Hand


You were on level 4 of the Dungeon.
You worshipped Trog.
Trog was pleased with you.
You visited 1 branch of the dungeon, and saw 4 of its levels.
You also visited: Sewer.

You collected 108 gold pieces.

Inventory:

Hand Weapons
 a - a +0 hand axe (weapon)
Missiles
 e - 11 poisoned darts (quivered)
Armour
 b - a +0 animal skin
 f - a scarf of shadows (worn)
 j - a +0 ring mail (worn)
 p - a +0 kite shield
Scrolls
 d - 2 scrolls of teleportation
 h - a scroll of enchant weapon {unknown}
 l - a scroll of fear {unknown}
 n - a scroll of summoning {unknown}
 s - a scroll of vulnerability {unknown}
Potions
 c - a potion of curing {unknown}
 i - 3 potions of flight
 k - a potion of ambrosia {unknown}
 o - a potion of haste {unknown}
 q - 2 potions of resistance {unknown}
 r - a potion of invisibility {unknown}


   Skills:
 - Level 3.9 Fighting
 * Level 6.6 Axes
 + Level 2.7 Throwing
 - Level 2.8 Armour
 - Level 2.5 Dodging


You had 4 spell levels left.
You didn't know any spells.
Your spell library was empty.

Dungeon Overview and Level Annotations

Branches:
Dungeon (4/15)              Sewer (visited)
 Temple: D:4-7

Altars:


Innate Abilities, Weirdness & Mutations

You have a pair of horns on your head.
You reflexively headbutt those who attack you in melee.


Message History

The gnoll is almost dead.
The gnoll barely misses you. You furiously retaliate!
You headbutt the gnoll, but do no damage.
You closely miss the gnoll.
You headbutt the gnoll, but do no damage.
The gnoll is almost dead.
The gnoll hits you from afar with a +0 halberd!
The gnoll hits you with a +0 club.
You closely miss the gnoll. Your headbutt misses the gnoll.
The gnoll is almost dead.
The gnoll closely misses you. The gnoll hits you but does no damage.
You hit the gnoll.
The gnoll is almost dead.
The gnoll hits you from afar with a +0 halberd.
The gnoll hits you with a +0 club.
You hit the gnoll.
You kill the gnoll!
Trog accepts your kill. The gnoll closely misses you.
You completely miss the quokka. The gnoll closely misses you.
The quokka bites you.
You closely miss the quokka. Your headbutt misses the quokka.
The gnoll hits you from afar with a +0 halberd.
* * * LOW HITPOINT WARNING * * *
The quokka bites you but does no damage.
You closely miss the quokka. The quokka misses you.
The gnoll closely misses you.
You hit the quokka. Your headbutt misses the quokka.
The quokka is heavily wounded.
The quokka barely misses you. The gnoll closely misses you.
You closely miss the quokka.
The quokka is heavily wounded.
The quokka bites you but does no damage.
The gnoll hits you from afar with a +0 halberd.
* * * LOW HITPOINT WARNING * * *
The quokka bites you but does no damage.
You hit the quokka. Your headbutt misses the quokka.
The quokka is almost dead.
The gnoll hits you from afar with a +0 halberd!
You die...

### ..# #.#
###.####
#..<...#
#.####.# #@#
#r# #gg....#
.g.....#
........#
........?#
...........
#.........##


You could see 3 gnolls and a quokka.

Vanquished Creatures
  A scorpion (D:3)
  A hound (D:3)
  9 adders
  A gnoll (D:4)
  A dart slug (D:1)
  An orc (D:3)
  5 endoplasms
  4 giant cockroaches
  5 hobgoblins
  4 jackals (D:1)
  2 quokkas
  8 ball pythons
  3 bats
  3 frilled lizards (D:1)
  7 goblins
  11 kobolds
  8 rats
74 creatures vanquished.

Vanquished Creatures (others)
  2 fungi (Sewer)
  A plant (D:2)
3 creatures vanquished.

Grand Total: 77 creatures vanquished

Notes
Turn   | Place    | Note
-------+----------+-------------------------------------------
     0 | D:1      | writerjack the Minotaur Berserker began the quest for the
                  | Orb.
     0 | D:1      | Reached XP level 1. HP: 19/19 MP: 0/0
   157 | D:1      | Reached XP level 2. HP: 12/27 MP: 1/1
   678 | D:1      | Found a faded altar of an unknown god.
   806 | D:1      | Reached skill level 4 in Axes
  1211 | D:1      | Reached XP level 3. HP: 30/33 MP: 2/2
  1294 | D:1      | Reached ** piety under Trog
  1555 | D:2      | Reached skill level 1 in Throwing
  1617 | D:3      | Reached skill level 5 in Axes
  1617 | D:3      | Reached XP level 4. HP: 40/40 MP: 3/3
  1836 | D:3      | Noticed a scorpion
  1841 | D:3      | Killed a scorpion
  1842 | D:3      | Reached XP level 5. HP: 41/46 MP: 4/4
  1921 | D:3      | Found a glowing drain.
  1952 | D:3      | Reached skill level 6 in Axes
  2032 | Sewer    | Entered a sewer
  2863 | D:4      | Slain by a gnoll

Illustrated notes

Levels and vault maps discovered:
D:1:      lightli_arrival_flooded_house, layout_loops_cross,
          basic_ecumenical_altar
D:2:      layout_rooms, serial_forest, infiniplex_forest_clump_small,
          infiniplex_forest_side_room, infiniplex_forest_straight_4,
          infiniplex_forest_corner_2, infiniplex_forest_zigzag_1,
          infiniplex_forest_lined_4_way, infiniplex_forest_clump_long
D:3:      layout_rooms, gup_sewer_entry_glass, grunt_decor_resistance,
          minmay_starry_boxes
D:4:      layout_basic, fedhas_altar_2, minmay_temple_entry_antechambers,
          serial_shops, nicolae_shop_trees

Skill      XL: |  1  2  3  4  5 |
---------------+----------------+-----
Axes           | 4 5 6 |  6.6
Throwing       | 1 2 |  2.7
Fighting       | |  3.9
Armour         | |  2.8
Dodging        | |  2.5

Action                   |  1- 3 |  4- 6 || total
-------------------------+-------+-------++-------
Melee: Hand axe          |    68 |    78 ||   146
       Headbutt          |     6 |     8 ||    14
Throw: Dart              |     2 |     8 ||    10
Invok: Berserk           |     1 |     2 ||     3
  Use: Scroll            |     1 |     2 ||     3
       Potion            |     1 |       ||     1
 Stab: Sleeping          |     1 |       ||     1
Armor: Animal skin       |    17 |       ||    17
       Ring mail         |     1 |    27 ||    28
Dodge: Dodged            |    60 |    52 ||   112
